| TOP OF THE 1ST |
|
Oklahoma City Dodgers batting - Pitching for New Orleans Zephyrs : RHP John Dinsmore
|
|
Pitching: RHP John Dinsmore
|
|
|
Now at 3B: Gavin Helton
|
|
|
Batting: LHB Alex Ramos
|
0-0: Called Strike 0-1: Ball 1-1: Called Strike 1-2: Ground out 1-3 (Groundball, 13, EV 70.0 MPH)
|
|
Batting: RHB Justin Anastasio
|
0-0: Called Strike 0-1: Ball 1-1: Fly out, F7 (Flyball, 7, EV 97.5 MPH)
|
|
Batting: RHB John Manocchio
|
0-0: Fly out, F8 (Flyball, 8RM, EV 93.1 MPH)
|
| Top of the 1st over - 0 runs, 0 hits, 0 errors, 0 left on base; Oklahoma City 0 - New Orleans 0 |
| BOTTOM OF THE 1ST |
|
New Orleans Zephyrs batting - Pitching for Oklahoma City Dodgers : RHP Jim Ruleman
|
|
Pitching: RHP Jim Ruleman
|
|
|
Batting: RHB Gavin Helton
|
0-0: Ground out 6-3 (Groundball, 6, EV 91.2 MPH)
|
|
Batting: RHB Alex Gomez
|
0-0: SINGLE (Groundball, 56S, EV 75.0 MPH) (infield hit)
|
|
Batting: RHB Chris Lee
|
0-0: Called Strike Alex Gomez steals 2nd base 0-1: Swinging Strike 0-2: Ball 1-2: Foul Ball, location: 2F 1-2: Ball 2-2: Ball 3-2: Foul Ball, location: 2F 3-2: Base on Balls
|
|
Batting: RHB Gebre-Giorgios Tikolo
|
0-0: Ball 1-0: Called Strike 1-1: SINGLE (Groundball, 56S, EV 65.0 MPH) (infield hit) Alex Gomez to third Chris Lee to second
|
|
Batting: RHB Bill de Jesus
|
0-0: Called Strike 0-1: Ball 1-1: Fielders Choice at 2nd, 4-6 (Groundball, 4, EV 87.5 MPH) Alex Gomez scores Chris Lee to third
|
|
Batting: LHB Gustavo Patella
|
0-0: Called Strike 0-1: Ball 1-1: Ball 2-1: Ball 3-1: Fly out, F8 (Flyball, 8LM, EV 90.0 MPH)
|
| Bottom of the 1st over - 1 run, 2 hits, 0 errors, 2 left on base; Oklahoma City 0 - New Orleans 1 |
| TOP OF THE 2ND |
|
Oklahoma City Dodgers batting - Pitching for New Orleans Zephyrs : RHP John Dinsmore
|
|
Batting: RHB Armando Galindo
|
0-0: Ball 1-0: SOLO HOME RUN (Flyball, 8RXD, EV 113.1 MPH), Distance : 458 ft
|
|
Batting: RHB John Hazen
|
0-0: Ball 1-0: Ball 2-0: Ball 3-0: Called Strike 3-1: Ground out 1-3 (Groundball, 13S, EV 71.9 MPH)
|
|
Batting: RHB Tim Adams
|
0-0: Swinging Strike 0-1: Ball 1-1: Foul Ball, location: 2F 1-2: Foul Ball, location: 2F 1-2: Ball 2-2: Foul Ball, location: 2F 2-2: Foul Ball, location: 2F 2-2: Strikes out looking
|
|
Batting: RHB Dusty Pollert
|
0-0: Ball 1-0: Swinging Strike 1-1: Called Strike 1-2: Strikes out swinging
|
| Top of the 2nd over - 1 run, 1 hit, 0 errors, 0 left on base; Oklahoma City 1 - New Orleans 1 |
| BOTTOM OF THE 2ND |
|
New Orleans Zephyrs batting - Pitching for Oklahoma City Dodgers : RHP Jim Ruleman
|
|
Batting: RHB Kyle Ashton
|
0-0: Foul Ball, location: 2F 0-1: Ball 1-1: Called Strike 1-2: Ball 2-2: Ball 3-2: Strikes out looking
|
|
Batting: RHB Humberto Oros
|
0-0: Ground out 5-3 (Groundball, 56, EV 90.6 MPH)
|
|
Batting: RHB Katsutaka Inouye
|
0-0: Called Strike 0-1: Foul Ball, location: 2F 0-2: Reached via error on a dropped throw from 1B, E1 (Groundball, 34S, EV 71.2 MPH)
|
|
Batting: RHB Gavin Helton
|
0-0: Called Strike 0-1: Ball 1-1: Ball 2-1: Fly out, F7 (Flyball, 78D, EV 101.9 MPH)
|
| Bottom of the 2nd over - 0 runs, 0 hits, 1 error, 1 left on base; Oklahoma City 1 - New Orleans 1 |
| TOP OF THE 3RD |
|
Oklahoma City Dodgers batting - Pitching for New Orleans Zephyrs : RHP John Dinsmore
|
|
Batting: RHB Steve Perez
|
0-0: Ball 1-0: Ball 2-0: Called Strike 2-1: Ball 3-1: Foul Ball, location: 2F 3-2: Strikes out swinging
|
|
Batting: RHB Travis Bradfute
|
0-0: Ball 1-0: Called Strike 1-1: Ball 2-1: Swinging Strike 2-2: Foul Ball, location: 2F 2-2: Ball 3-2: Strikes out swinging
|
|
Batting: LHB Alex Ramos
|
0-0: Ball 1-0: Ball 2-0: Ball 3-0: Called Strike 3-1: Base on Balls
|
|
Batting: RHB Justin Anastasio
|
0-0: Swinging Strike 0-1: Ball 1-1: Ball 2-1: Foul Ball, location: 2F 2-2: Strikes out swinging
|
| Top of the 3rd over - 0 runs, 0 hits, 0 errors, 1 left on base; Oklahoma City 1 - New Orleans 1 |
| BOTTOM OF THE 3RD |
|
New Orleans Zephyrs batting - Pitching for Oklahoma City Dodgers : RHP Jim Ruleman
|
|
Pitching: RHP Jon Harris
|
|
|
Batting: RHB Alex Gomez
|
0-0: Called Strike 0-1: Ball 1-1: Ball 2-1: Foul Ball, location: 2F 2-2: Fly out, F4 (Popup, 4S, EV 67.5 MPH)
|
|
Batting: RHB Chris Lee
|
0-0: Ball 1-0: SINGLE (Groundball, 5L, EV 103.1 MPH) (infield hit)
|
|
Batting: RHB Gebre-Giorgios Tikolo
|
0-0: Foul Ball, location: 2F 0-1: Ball 1-1: Called Strike Chris Lee is caught stealing 2nd base 2-4 1-2: Ground out 5-3 (Groundball, 56, EV 88.8 MPH)
|
| Bottom of the 3rd over - 0 runs, 1 hit, 0 errors, 0 left on base; Oklahoma City 1 - New Orleans 1 |
| TOP OF THE 4TH |
|
Oklahoma City Dodgers batting - Pitching for New Orleans Zephyrs : RHP John Dinsmore
|
|
Batting: RHB John Manocchio
|
0-0: Foul Ball, location: 2F 0-1: Ground out 5-3 (Groundball, 56, EV 100.0 MPH)
|
|
Batting: RHB Armando Galindo
|
0-0: Ball 1-0: Ground out 3-1 (Groundball, 34, EV 85.0 MPH)
|
|
Batting: RHB John Hazen
|
0-0: Ball 1-0: Ground out 6-3 (Groundball, 6MD, EV 82.5 MPH)
|
| Top of the 4th over - 0 runs, 0 hits, 0 errors, 0 left on base; Oklahoma City 1 - New Orleans 1 |
| BOTTOM OF THE 4TH |
|
New Orleans Zephyrs batting - Pitching for Oklahoma City Dodgers : RHP Jon Harris
|
|
Batting: RHB Bill de Jesus
|
0-0: Ball 1-0: Called Strike 1-1: SINGLE (Groundball, 34D, EV 95.6 MPH)
|
|
Batting: LHB Gustavo Patella
|
0-0: SINGLE (Groundball, 6MD, EV 102.5 MPH) Bill de Jesus to second Runner from 2nd tries for 3rd, OUT after rundown.
|
|
Batting: RHB Kyle Ashton
|
0-0: Ball 1-0: Grounds into double play, 5-4-3 (Groundball, 5S, EV 83.8 MPH)
|
| Bottom of the 4th over - 0 runs, 2 hits, 0 errors, 0 left on base; Oklahoma City 1 - New Orleans 1 |
| TOP OF THE 5TH |
|
Oklahoma City Dodgers batting - Pitching for New Orleans Zephyrs : RHP John Dinsmore
|
|
Batting: RHB Tim Adams
|
0-0: Called Strike 0-1: SINGLE (Groundball, 34D, EV 96.2 MPH)
|
|
Batting: RHB Dusty Pollert
|
0-0: Ball 1-0: SINGLE (Groundball, 6MD, EV 103.1 MPH) Tim Adams to second Runner from 2nd tries for 3rd, SAFE, no throw by CF
|
|
Batting: RHB Steve Perez
|
0-0: Ball 1-0: Foul Ball, location: 2F 1-1: Ball 2-1: SINGLE (Groundball, 56D, EV 95.6 MPH) Tim Adams scores Dusty Pollert to second
|
|
Batting: RHB Travis Bradfute
|
0-0: Called Strike 0-1: Called Strike 0-2: Foul Ball, location: 2F 0-2: Ball 1-2: Ball 2-2: Foul Ball, location: 2F 2-2: Strikes out looking
|
|
Batting: LHB Alex Ramos
|
0-0: Called Strike 0-1: Ball 1-1: Swinging Strike 1-2: Strikes out swinging
|
|
Batting: RHB Justin Anastasio
|
0-0: Ball 1-0: Ball 2-0: Ball 3-0: Called Strike 3-1: Called Strike 3-2: SINGLE (Flyball, 78S, EV 90.6 MPH) Dusty Pollert to third Steve Perez to second Dusty Pollert scores Steve Perez to third
|
|
Batting: RHB John Manocchio
|
0-0: Ball 1-0: Ball 2-0: Ball 3-0: Called Strike 3-1: Foul Ball, location: 2F 3-2: Foul Ball, location: 2F 3-2: Base on Balls Justin Anastasio to second
|
|
Batting: RHB Armando Galindo
|
0-0: Swinging Strike 0-1: Swinging Strike 0-2: Strikes out looking
|
| Top of the 5th over - 2 runs, 4 hits, 0 errors, 3 left on base; Oklahoma City 3 - New Orleans 1 |
| BOTTOM OF THE 5TH |
|
New Orleans Zephyrs batting - Pitching for Oklahoma City Dodgers : RHP Jon Harris
|
|
Pinch Hitting: LHB Adrian Young
|
0-0: Foul Ball, location: 2F 0-1: Foul Ball, location: 2F 0-2: Ball 1-2: Ball 2-2: Foul Ball, location: 2F 2-2: Strikes out looking
|
|
Batting: RHB Katsutaka Inouye
|
0-0: Ball 1-0: Foul Ball, location: 2F 1-1: Ball 2-1: Reached on error, E4 (Groundball, 34, EV 98.8 MPH)
|
|
Batting: RHB Gavin Helton
|
0-0: Ball 1-0: Foul Ball, location: 2F 1-1: Ball 2-1: Called Strike 2-2: Ball 3-2: Base on Balls Katsutaka Inouye to second
|
|
Batting: RHB Alex Gomez
|
0-0: Called Strike 0-1: Hit by Pitch Katsutaka Inouye to third Gavin Helton to second
|
|
Batting: RHB Chris Lee
|
0-0: Ball 1-0: Ball 2-0: Foul Ball, location: 2F 2-1: SINGLE (Line Drive, 9LS, EV 111.9 MPH) Katsutaka Inouye scores Gavin Helton to third Alex Gomez to second
|
|
Pitching: RHP Josh Thorne
|
|
|
Batting: RHB Gebre-Giorgios Tikolo
|
0-0: Called Strike 0-1: Ball 1-1: Called Strike 1-2: Grounds into double play, 6-2-3 (Groundball, 6, EV 83.8 MPH)
|
| Bottom of the 5th over - 1 run, 1 hit, 1 error, 2 left on base; Oklahoma City 3 - New Orleans 2 |
| TOP OF THE 6TH |
|
Oklahoma City Dodgers batting - Pitching for New Orleans Zephyrs : RHP John Dinsmore
|
|
Now at 1B: Adrian Young
|
|
|
Now at SS: Kyle Ashton
|
|
|
Now in CF: Gebre-Giorgios Tikolo
|
|
|
Batting: RHB John Hazen
|
0-0: SOLO HOME RUN (Flyball, 89XD, EV 105.0 MPH), Distance : 422 ft
|
|
Batting: RHB Tim Adams
|
0-0: Swinging Strike 0-1: Swinging Strike 0-2: Ball 1-2: Foul Ball, location: 2F 1-2: Ball 2-2: Ball 3-2: Strikes out looking
|
|
Pitching: RHP David Laska
|
|
|
Batting: RHB Dusty Pollert
|
0-0: Called Strike 0-1: Called Strike 0-2: Ball 1-2: Strikes out swinging
|
|
Batting: RHB Steve Perez
|
0-0: Ball 1-0: Called Strike 1-1: Swinging Strike 1-2: Ground out 6-3 (Groundball, 56, EV 89.4 MPH)
|
| Top of the 6th over - 1 run, 1 hit, 0 errors, 0 left on base; Oklahoma City 4 - New Orleans 2 |
| BOTTOM OF THE 6TH |
|
New Orleans Zephyrs batting - Pitching for Oklahoma City Dodgers : RHP Josh Thorne
|
|
Batting: RHB Bill de Jesus
|
0-0: Ground out 1-3 (Groundball, 34S, EV 74.4 MPH)
|
|
Batting: LHB Gustavo Patella
|
0-0: Fly out, F5 (Popup, 56S, EV 73.1 MPH)
|
|
Pinch Hitting: RHB Greg Herzig
|
0-0: Called Strike 0-1: Ball 1-1: Ground out 6-3 (Groundball, 6, EV 105.0 MPH)
|
| Bottom of the 6th over - 0 runs, 0 hits, 0 errors, 0 left on base; Oklahoma City 4 - New Orleans 2 |
| TOP OF THE 7TH |
|
Oklahoma City Dodgers batting - Pitching for New Orleans Zephyrs : RHP David Laska
|
|
Pitching: RHP Mike Myers
|
|
|
Now at 2B: Greg Herzig
|
|
|
Now at SS: Bill de Jesus
|
|
|
Batting: RHB Travis Bradfute
|
0-0: Ball 1-0: Called Strike 1-1: Called Strike 1-2: Foul Ball, location: 2F 1-2: Strikes out swinging
|
|
Batting: LHB Alex Ramos
|
0-0: Ground out 1-3 (Groundball, P, EV 69.4 MPH)
|
|
Batting: RHB Justin Anastasio
|
0-0: Ball 1-0: Ground out 6-3 (Groundball, 6, EV 89.4 MPH)
|
| Top of the 7th over - 0 runs, 0 hits, 0 errors, 0 left on base; Oklahoma City 4 - New Orleans 2 |
| BOTTOM OF THE 7TH |
|
New Orleans Zephyrs batting - Pitching for Oklahoma City Dodgers : RHP Josh Thorne
|
|
Batting: LHB Adrian Young
|
0-0: Ball 1-0: Foul Ball, location: 2F 1-1: Called Strike 1-2: Ground out 4-3 (Groundball, 34, EV 93.1 MPH)
|
|
Batting: RHB Katsutaka Inouye
|
0-0: Called Strike 0-1: Ball 1-1: Foul Ball, location: 2F 1-2: Ball 2-2: Strikes out looking
|
|
Batting: RHB Gavin Helton
|
0-0: Called Strike 0-1: Ball 1-1: Ball 2-1: Ball 3-1: Ground out 5-3 (Groundball, 56, EV 83.1 MPH)
|
| Bottom of the 7th over - 0 runs, 0 hits, 0 errors, 0 left on base; Oklahoma City 4 - New Orleans 2 |
| TOP OF THE 8TH |
|
Oklahoma City Dodgers batting - Pitching for New Orleans Zephyrs : RHP Mike Myers
|
|
Batting: RHB John Manocchio
|
0-0: Ground out 1-3 (Groundball, 13S, EV 70.6 MPH)
|
|
Batting: RHB Armando Galindo
|
0-0: Fly out, F9 (Flyball, 9, EV 83.1 MPH)
|
|
Batting: RHB John Hazen
|
0-0: Ball 1-0: Ball 2-0: Ball 3-0: Base on Balls
|
|
Batting: RHB Tim Adams
|
0-0: Swinging Strike 0-1: Foul Ball, location: 2F 0-2: Fly out, F8 (Flyball, 8RD, EV 80.6 MPH)
|
| Top of the 8th over - 0 runs, 0 hits, 0 errors, 1 left on base; Oklahoma City 4 - New Orleans 2 |
| BOTTOM OF THE 8TH |
|
New Orleans Zephyrs batting - Pitching for Oklahoma City Dodgers : RHP Josh Thorne
|
|
Pitching: RHP Alex Aguilar
|
|
|
Batting: RHB Alex Gomez
|
0-0: Called Strike 0-1: Foul Ball, location: 5F, Error on foul ball, E5 0-2: SINGLE (Groundball, 56D, EV 100.0 MPH)
|
|
Pinch Hitting: SHB Ramon Martinez
|
0-0: Fly out, F8 (Flyball, 8RD, EV 83.8 MPH)
|
|
Batting: RHB Gebre-Giorgios Tikolo
|
0-0: Ball 1-0: Foul Ball, location: 2F 1-1: Ball 2-1: Called Strike 2-2: Foul Ball, location: 2F 2-2: Strikes out swinging
|
|
Batting: RHB Bill de Jesus
|
0-0: Ball 1-0: Foul Ball, location: 2F 1-1: Ball 2-1: Called Strike 2-2: Ball 3-2: Ground out 4-3 (Groundball, 4, EV 77.5 MPH)
|
| Bottom of the 8th over - 0 runs, 1 hit, 1 error, 1 left on base; Oklahoma City 4 - New Orleans 2 |
| TOP OF THE 9TH |
|
Oklahoma City Dodgers batting - Pitching for New Orleans Zephyrs : RHP Mike Myers
|
|
Now at 1B: Greg Herzig
|
|
|
Now at 2B: Ramon Martinez
|
|
|
Now in RF: Adrian Young
|
|
|
Batting: RHB Dusty Pollert
|
0-0: Called Strike 0-1: Fly out, F8 (Flyball, 8RXD, EV 97.5 MPH)
|
|
Batting: RHB Steve Perez
|
0-0: Called Strike 0-1: Ball 1-1: Swinging Strike 1-2: Strikes out swinging
|
|
Batting: RHB Travis Bradfute
|
0-0: Ball 1-0: Ball 2-0: Swinging Strike 2-1: Ball 3-1: Base on Balls
|
|
Pitching: RHP Campbell Wagenmakers
|
|
|
Batting: LHB Alex Ramos
|
0-0: Ball 1-0: Ball 2-0: Ball 3-0: Base on Balls Travis Bradfute to second
|
|
Batting: RHB Justin Anastasio
|
0-0: Called Strike 0-1: Foul Ball, location: 2F 0-2: Foul Ball, location: 2F 0-2: Foul Ball, location: 2F 0-2: Ball 1-2: Strikes out looking
|
| Top of the 9th over - 0 runs, 0 hits, 0 errors, 2 left on base; Oklahoma City 4 - New Orleans 2 |
| BOTTOM OF THE 9TH |
|
New Orleans Zephyrs batting - Pitching for Oklahoma City Dodgers : RHP Alex Aguilar
|
|
Pitching: RHP Ludo Argo
|
|
|
Batting: LHB Gustavo Patella
|
0-0: Foul Ball, location: 2F 0-1: Ball 1-1: Swinging Strike 1-2: Ball 2-2: Ball 3-2: Foul Ball, location: 2F 3-2: Strikes out swinging
|
|
Batting: RHB Greg Herzig
|
0-0: Foul Ball, location: 2F 0-1: Fly out, F8 (Flyball, 89XD, EV 105.6 MPH)
|
|
Batting: LHB Adrian Young
|
0-0: Ball 1-0: Foul Ball, location: 2F 1-1: Ball 2-1: Ball 3-1: Base on Balls
|
|
Batting: RHB Katsutaka Inouye
|
0-0: Foul Ball, location: 2F 0-1: Foul Ball, location: 2F 0-2: Ball Wild Pitch! Adrian Young to second 1-2: Fly out, F4 (Popup, 34S, EV 80.6 MPH)
|
| Bottom of the 9th over - 0 runs, 0 hits, 0 errors, 1 left on base; Oklahoma City 4 - New Orleans 2 |
|